 Dungeon Crawl Stone Soup version 0.26-a0-649-gf8c6c3aab7 (webtiles) character file.

Game seed: 16717546180578578830

1837 slambob the Grappler (level 8, -2/78 HPs)
             Began as a Troll Monk on Sept 28, 2020.
             Slain by an orc warrior
             ... wielding a +2 vorpal flail
              (6 damage)
             ... on level 6 of the Dungeon.
             The game lasted 00:35:34 (5381 turns).

slambob the Grappler (Troll Monk)                   Turns: 5381, Time: 00:35:34

Health: -2/78      AC:  6    Str: 21    XL:     8   Next: 87%
Magic:  7/7        EV: 12    Int:  6    God:
Gold:   298        SH:  0    Dex: 13    Spells: 7/7 levels left

rFire    . . .     SeeInvis .   B - +1 falchion (vorpal)
rCold    . . .     Faith    .   (no shield)
rNeg     . . .     Spirit   .   a - +0 robe
rPois    .         Reflect  .   (helmet restricted)
rElec    .         Harm     .   (no cloak)
rCorr    .         Rampage  .   (gloves unavailable)
MR       .....                  (boots unavailable)
Stlth    ++........             (no amulet)
HPRegen  0.63/turn              (no ring)
MPRegen  0.10/turn              (no ring)

@: slowed, very slow
A: large, unfitting armour, claws 3, regeneration 1, shaggy fur 1, tough skin 3
a: no special abilities


You were on level 6 of the Dungeon.
You visited 1 branch of the dungeon, and saw 6 of its levels.
You also visited: Ossuary.

You collected 298 gold pieces.

Inventory:

Hand Weapons
 B - a +1 vorpal falchion (weapon)
Armour
 a - a +0 robe (worn)
Jewellery
 i - an uncursed ring of fire
 w - an uncursed ring of positive energy {unknown}
Wands
 t - a wand of random effects (12)
 x - a wand of digging (7)
 y - a wand of polymorph (18)
Scrolls
 b - 9 scrolls of identify
 c - 4 scrolls of remove curse
 d - a scroll of random uselessness {unknown}
 f - 5 scrolls of enchant armour {unknown}
 g - a scroll of noise {unknown}
 k - 3 scrolls of blinking {unknown}
 l - a scroll of fog {unknown}
 m - 3 scrolls of teleportation {unknown}
 r - a scroll of vulnerability {unknown}
 s - a scroll of immolation {unknown}
 u - 2 scrolls of magic mapping {unknown}
Potions
 e - a potion of degeneration {unknown}
 h - a potion of flight {unknown}
 j - a potion of berserk rage {unknown}
 n - 2 potions of heal wounds {unknown}
 o - 5 potions of curing {unknown}
 p - 3 potions of haste {unknown}
 q - a potion of stabbing {unknown}
 v - a potion of lignification {unknown}
 z - a potion of cancellation {unknown}
 A - a potion of resistance {unknown}


   Skills:
 + Level 4.0 Fighting
 + Level 4.7 Dodging
 + Level 2.9 Stealth
 + Level 9.1 Unarmed Combat


You had 7 spell levels left.
You didn't know any spells.
Your spell library contained the following spells:

 Spells                   Type           Power        Failure   Level
 Corona                   Hex            #......      45%         1
 Ensorcelled Hibernation  Hex/Ice        #.....       58%         2
 Confusing Touch          Hex            #.......     83%         3
 Dazzling Flash           Conj/Hex       #.....       83%         3
 Gell's Gravitas          Tloc           #.........   83%         3
 Tukima's Dance           Hex            #.......     83%         3
 Petrify                  Tmut/Erth      #.......     99%         4
 Metabolic Englaciation   Hex/Ice        #.........   100%        5
 Yara's Violent Unravell  Hex/Tmut       #.........   100%        5


Dungeon Overview and Level Annotations

Branches:
Dungeon (6/15)             Temple (0/1) D:5         Ossuary (visited)

Altars:
Ashenzari
Ru
Zin
The Shining One


Innate Abilities, Weirdness & Mutations

You are too large for most types of armour.
You have claws for hands.
Your natural rate of healing is unusually fast.
You are covered in fur. (AC +1)
You have extremely tough skin. (AC +3)


Message History

You closely miss the orc warrior. The orc warrior closely misses you.
You riposte.
You hit the orc warrior but do no damage.
You claw the orc warrior, but do no damage.
The orc hits you with a +0 mace.
The orc warrior hits you but does no damage.
You hit the orc warrior.
The orc warrior is lightly wounded.
The orc warrior closely misses you.
You riposte.
You closely miss the orc warrior.
The orc warrior is lightly wounded.
You hit the orc.
You kill the orc!
The orc warrior hits you with a +2 vorpal flail! x2
* * * LOW HITPOINT WARNING * * *
You closely miss the orc warrior.
The orc warrior is lightly wounded.
The orc warrior hits you with a +2 vorpal flail!!
* * * LOW HITPOINT WARNING * * *
You die...

##. ## #... .#
#.#. .# #
#.#.####.##.#
#...... ...
#....o##)#
#....oo@.#
###..##### #.
#.###.ยง# #..
#......# #..
#####'## ....
##...## ##.####
##..(..##
......###..o....#
#...#.##.........#


You could see an orc warrior, an orc wizard and an orc.

Vanquished Creatures
  A two-headed ogre (D:6)
  A sky beast (D:5)
  An ogre (D:4)
  A phantom (D:5)
  A bullfrog (D:6)
  A scorpion (Ossuary)
  A howler monkey (D:6)
  A centaur zombie (Ossuary)
  A human zombie (Ossuary)
  2 jellies (D:5)
  An orc priest (D:4)
  Ijyb (D:5)
  2 iguanas
  5 orc wizards
  A worker ant (D:5)
  A big kobold zombie (Ossuary)
  A mummy (Ossuary)
  6 gnolls
  A howler monkey skeleton (D:4)
  A scorpion zombie (Ossuary)
  8 adders
  2 river rats (D:4)
  3 ufetubi (D:5)
  2 oozes
  6 worms
  A dart slug (D:1)
  5 leopard geckos
  19 orcs
  9 bats
  4 giant cockroaches
  A gnoll zombie (Ossuary)
  10 goblins
  10 hobgoblins
  13 jackals
  10 kobolds
  2 ball pythons
  14 frilled lizards
  A goblin zombie (Ossuary)
  A hobgoblin zombie (Ossuary)
  A leopard gecko skeleton (D:5)
  11 rats
164 creatures vanquished.

Notes
Turn   | Place    | Note
-------+----------+-------------------------------------------
     0 | D:1      | slambob the Troll Monk began the quest for the Orb.
     0 | D:1      | Reached XP level 1. HP: 22/22 MP: 0/0
    88 | D:1      | Reached XP level 2. HP: 29/29 MP: 1/1
   660 | D:2      | Reached XP level 3. HP: 31/36 MP: 2/2
  1108 | D:2      | Reached XP level 4. HP: 44/44 MP: 3/3
  1614 | D:2      | Reached skill level 4 in Unarmed Combat
  2321 | D:3      | Reached XP level 5. HP: 52/52 MP: 4/4
  2536 | D:4      | Reached skill level 5 in Unarmed Combat
  2591 | D:4      | Found a sand-covered staircase.
  2606 | Ossuary  | Entered an ossuary
  2635 | Ossuary  | Reached XP level 6. HP: 23/61 MP: 5/5
  3011 | D:4      | Reached skill level 6 in Unarmed Combat
  3011 | D:4      | Reached XP level 7. HP: 67/67 MP: 6/6
  3949 | D:5      | Entered Level 5 of the Dungeon
  4056 | D:5      | Found a staircase to the Ecumenical Temple.
  4167 | D:5      | Reached skill level 7 in Unarmed Combat
  4413 | D:5      | Found a glowing golden altar of the Shining One.
  4414 | D:5      | Noticed Ijyb
  4415 | D:5      | Found a sacrificial altar of Ru.
  4416 | D:5      | Found a glowing silver altar of Zin.
  4421 | D:5      | Killed Ijyb
  4708 | D:5      | Found a broken altar of Ashenzari.
  4790 | D:5      | Reached XP level 8. HP: 78/78 MP: 7/7
  4996 | D:6      | Noticed a two-headed ogre
  5011 | D:6      | Killed a two-headed ogre
  5011 | D:6      | Reached skill level 8 in Unarmed Combat
  5192 | D:6      | Reached skill level 9 in Unarmed Combat
  5381 | D:6      | Slain by an orc warrior

Illustrated notes

Levels and vault maps discovered:
D:1:      dpeg_arrival_solitude, layout_loops_ring
D:2:      layout_loops_ring, minmay_joined_circles
D:3:      layout_basic
D:4:      layout_basic, nicolae_ossuary_entry_monument, portal_sewer_entry_e,
          serial_rivers, chequers_serial_rivers_micro_d,
          chequers_serial_rivers_room_b, chequers_serial_rivers_micro_b,
          chequers_serial_rivers_large_b, chequers_serial_rivers_small_a
D:5:      layout_basic, grunt_temple_overflow_open, minmay_temple_entry_fiery,
          basic_altar, solitary_fountain, uniq_ijyb
D:6:      layout_loops_corners

Skill      XL: |  1  2  3  4  5  6  7  8 |
---------------+-------------------------+-----
Dodging        | 3 4 |  4.7
Unarmed Combat | 4 5 6 7 9 |  9.1
Fighting       | 3 4 |  4.0
Stealth        | 2 |  2.9

Action                   |  1- 3 |  4- 6 |  7- 9 || total
-------------------------+-------+-------+-------++-------
Melee: Unarmed           |   128 |   193 |   182 ||   503
       Punch             |     1 |     2 |     3 ||     6
       Falchion          |       |       |    12 ||    12
  Use: Scroll            |       |     1 |       ||     1
 Stab: Sleeping          |     4 |     2 |     7 ||    13
       Distracted        |     1 |       |       ||     1
Armor: Robe              |    51 |    57 |    57 ||   165
Dodge: Dodged            |    59 |    95 |   113 ||   267
       Rpst.: Falchion   |       |       |     8 ||     8

Table legend: (Time is in decaauts)
 A = Elapsed time spent in this place.
 B = Non-inter-level travel time spent in this place.
 C = Inter-level travel time spent in this place.
 D = Time resting spent in this place.
 E = Time spent auto-exploring this place.
 F = Levels seen in this place.
 G = Mean time per level.
                   A        B        C        D        E       F      G
               +--------+--------+--------+--------+--------+-----+--------+
         Total |   5371 |   5274 |     97 |    401 |   2292 |   7 |  767.3 |
       Dungeon |   5139 |   5042 |     97 |    339 |   2287 |   6 |  856.5 |
       Ossuary |    231 |    231 |      0 |     62 |      5 |   1 |  231.0 |
               +--------+--------+--------+--------+--------+-----+--------+

Top non-repeatable levels by time:
     D:4: 1245 daAuts
     D:2: 1122 daAuts
     D:5: 1033 daAuts
     D:3: 705 daAuts
     D:1: 645 daAuts
     D:6: 388 daAuts
 Ossuary: 231 daAuts
